 Dungeon Crawl Stone Soup version 0.20-a0-277-g7db01f4 (webtiles) character file.

105 Karnivor the Skirmisher (level 4, -2/45 HPs)
             Began as an Ogre Warper on Dec 13, 2016.
             Slain by Menkaure (16 damage)
             ... on level 4 of the Dungeon.
             The game lasted 00:14:06 (3544 turns).

Karnivor the Skirmisher (Ogre Warper)               Turns: 3544, Time: 00:14:06

Health: -2/45      AC:  4    Str: 16    XL:     4   Next: 83%
Magic:  5/8        EV: 10    Int: 13    God:
Gold:   104        SH:  0    Dex:  9    Spells: 2/9 levels left

rFire  . . .     SeeInvis .     a - +0 mace
rCold  . . .     Gourm    .     b - +1 robe
rNeg   . . .     Faith    .     (no shield)
rPois  .         Spirit   .     (helmet restricted)
rElec  .         Reflect  .     (no cloak)
rCorr  .         Harm     .     (gloves unavailable)
MR     .....                    (boots unavailable)
Stlth  ++........               (no amulet)
                                (no ring)
                                l - ring of stealth

@: very slightly contaminated
A: unfitting armour, tough skin 1
a: no special abilities


You were on level 4 of the Dungeon.
You were not hungry.

You visited 1 branch of the dungeon, and saw 4 of its levels.

You collected 104 gold pieces.

Inventory:

Hand Weapons
 a - a +0 mace (weapon)
Missiles
 e - 5 tomahawks of dispersal
 j - 93 stones (quivered)
Armour
 b - a +1 robe (worn)
Jewellery
 l - a ring of stealth (left hand)
Scrolls
 d - 2 scrolls of blinking
 h - a scroll of recharging
 m - a scroll of identify
Potions
 g - a potion of resistance {unknown}
 k - 2 potions of mutation
 n - a potion of heal wounds {unknown}
 p - a potion of berserk rage {unknown}
 q - a potion of brilliance {unknown}
 r - a potion of agility {unknown}
Books
 c - a book of Spatial Translocations

   Spells                             Type                      Level
   a - Blink                          Translocation                2
   b - Shroud of Golubria             Charms/Translocation         2
   c - Lesser Beckoning               Translocation                3
   d - Portal Projectile              Translocation                3
   e - Teleport Other                 Translocation                3
   f - Passage of Golubria            Translocation                4
Comestibles
 f - 2 bread rations
 i - a meat ration
 o - 2 chunks of flesh


   Skills:
 + Level 3.3 Fighting
 * Level 3.2 Maces & Flails
 * Level 2.2 Throwing
 + Level 1.0 Armour
 - Level 2.1 Dodging
 * Level 3.0 Spellcasting
 * Level 0.4 Charms
 * Level 2.6 Translocations


You had 2 spell levels left.
You knew the following spells:

 Your Spells              Type           Power        Failure   Level  Hunger
a - Blink                 Tloc           N/A          14%         2    ###....
b - Shroud of Golubria    Chrm/Tloc      #.........   21%         2    ###....
c - Teleport Other        Tloc           #.......     28%         3    ###....


Dungeon Overview and Level Annotations

Branches:
Dungeon (4/15)
 Temple: D:4-7

Altars:
Gozag

Annotations:
D:3 Glaeka's ghost, amateur DrMo
D:4 Menkaure


Innate Abilities, Weirdness & Mutations

You are too large for most types of armour.
You have tough skin. (AC +1)


Message History

Menkaure is lightly damaged.
Menkaure hits you.
Casting: Shroud of Golubria
Confirm with . or Enter, or press ? or * to list all spells.
Space distorts slightly along a thin shroud covering your body.
Menkaure barely misses you.
You hit Menkaure.
Menkaure is moderately damaged.
Menkaure hits you!
You completely miss Menkaure.
Menkaure is moderately damaged.
Menkaure hits you!!
* * * LOW HITPOINT WARNING * * *
You hit Menkaure.
Menkaure is heavily damaged.
Your shroud bends Menkaure's attack away!!
You barely miss Menkaure.
Menkaure is heavily damaged.
Menkaure hits you!
You die...

..# #. #.# #.##### ###.##
#.#... ..... #.#..# #..#
#.#..# ##.รท# #.#..#
##...# #####.#..######
##.###.
#....M@.......###.## ##
##.##....$####.....# #
##...#..##.# #####.## ##
##..........# ##.###.
..........### ##...#
#........# #...#
.#........# ########...#
..........#####..........#
#.......................#


You could see Menkaure.

Vanquished Creatures
  A worker ant (D:4)
  An adder (D:2)
  2 oozes (D:2)
  2 worms (D:2)
  A dart slug (D:1)
  2 leopard geckos
  5 giant cockroaches
  5 hobgoblins
  6 jackals
  A quokka (D:2)
  4 bats (D:1)
  3 frilled lizards
  6 goblins
  9 kobolds
  4 rats
52 creatures vanquished.

Notes
Turn   | Place    | Note
-------+----------+-------------------------------------------
     0 | D:1      | Karnivor the Ogre Warper began the quest for the Orb.
     0 | D:1      | Reached XP level 1. HP: 22/22 MP: 3/3
    51 | D:1      | Reached XP level 2. HP: 23/29 MP: 5/5
   121 | D:1      | Learned a level 2 spell: Blink
   124 | D:1      | Learned a level 2 spell: Shroud of Golubria
   762 | D:1      | Reached XP level 3. HP: 33/37 MP: 6/6
  1148 | D:2      | Learned a level 3 spell: Teleport Other
  1714 | D:2      | Reached XP level 4. HP: 36/45 MP: 8/8
  1866 | D:2      | Found an opulent altar of Gozag.
  2280 | D:3      | Noticed Glaeka's ghost (amateur DrMo)
  3100 | D:4      | Reached skill level 1 in Armour
  3534 | D:4      | Noticed Menkaure
  3544 | D:4      | Slain by Menkaure

Vault maps used:
D:1:      saegor_arrival_under_anarchy
D:2:      nicolae_overflow_hidden_temple
D:3:      fedhas_altar_2
D:4:      cheibrodos_quashed, lemuel_coloured_pillars_altar, uniq_menkaure

Skill      XL: |  1  2  3  4 |
---------------+-------------+-----
Fighting       | 3 |  3.3
Maces & Flails | 3 |  3.2
Throwing       | 2 |  2.2
Armour         | 1 |  1.0
Spellcasting   | 3 |  3.0
Dodging        | |  2.1
Charms         | |  0.4
Translocations | |  2.6

Action                   |  1- 3 |  4- 6 || total
-------------------------+-------+-------++-------
Melee: Mace              |   119 |    80 ||   199
Throw: Stone             |       |     2 ||     2
 Cast: Shroud of Golubri |     3 |     4 ||     7
       Teleport Other    |       |     1 ||     1
  Use: Scroll            |     4 |     2 ||     6
  Eat: Chunk             |     3 |     4 ||     7
       Royal jelly       |       |     1 ||     1
Armor: Robe              |    48 |    23 ||    71
Dodge: Dodged            |    82 |    57 ||   139
